 Dungeon Crawl Stone Soup version 0.28.0-53-g5a82cb258f (webtiles) character file.

Game seed: 8194656750194071688

268 Descartes the Sneak (level 6, -1/36 HPs)
             Began as an Octopode Wanderer on June 13, 2022.
             Was a Believer of Qazlal.
             Slain by Pikel
             ... wielding a +1 whip of freezing
              (3 damage)
             ... on level 4 of the Dungeon.
             The game lasted 00:06:11 (4619 turns).

Descartes the Sneak (Octopode Wanderer)             Turns: 4619, Time: 00:06:13

Health: -1/36      AC:  1    Str:  9    XL:     6   Next: 21%
Magic:  8/8        EV: 15    Int: 13    God:    Qazlal [**....]
Gold:   162        SH:  3    Dex: 17    Spells: 5/5 levels left

rFire   . . .      SeeInvis .   p - +0 battleaxe
rCold   . . .      Faith    .   (shield currently unavailable)
rNeg    . . .      Spirit   .   c - +0 hat
rPois   .          Reflect  .   (no amulet)
rElec   .          Harm     .   (no ring)
rCorr   .          Rampage  .   (no ring)
Will    .....                   (no ring)
Stlth   +++.......              (no ring)
HPRegen 0.12/turn               (no ring)
MPRegen 0.11/turn               (no ring)
                                (no ring)
                                (no ring)

@: no status effects
A: almost no armour, amphibious, 8 rings, camouflage 1, gelatinous body 1,
(nimble swimmer 1), tentacles
a: Renounce Religion, Upheaval


You were on level 4 of the Dungeon.
You worshipped Qazlal.
Qazlal was pleased with you.
You visited 1 branch of the dungeon, and saw 4 of its levels.
You also visited: Sewer.

You collected 162 gold pieces.

Inventory:

Hand Weapons
 a - a +0 war axe
 k - a +4 dagger of venom
 p - a +0 battleaxe (weapon)
Missiles
 d - 5 poisoned darts (quivered)
 n - 2 throwing nets
 r - 107 stones
 v - 4 atropa-tipped darts
 w - 2 boomerangs
Armour
 c - a +0 hat (worn)
Wands
 e - a wand of flame (11)
Scrolls
 f - a scroll of holy word
 g - 2 scrolls of enchant armour
 h - a scroll of noise {unknown}
 j - a scroll of vulnerability {unknown}
 l - a scroll of amnesia {unknown}
 q - a scroll of blinking
 u - a scroll of immolation {unknown}
 x - a scroll of enchant weapon {unknown}
Potions
 b - 2 potions of lignification
 i - a potion of curing {unknown}
 m - a potion of brilliance {unknown}
 s - a potion of resistance
 t - a potion of berserk rage {unknown}
 z - a potion of haste {unknown}
 A - 3 potions of mutation {unknown}


   Skills:
 - Level 5.0 Axes
 - Level 1.0(3.2) Polearms
 + Level 5.1 Dodging
 - Level 5.3 Stealth
 + Level 2.8 Invocations


You had 5 spell levels left.
You didn't know any spells.
Your spell library contained the following spells:

 Spells                   Type           Power      Damage    Failure   Level
 Tukima's Dance           Hex            0%         N/A       67%         3
 Anguish                  Hex/Necr       0%         N/A       97%         4
 Enfeeble                 Hex            0%         N/A       100%        7


Dungeon Overview and Level Annotations

Branches:
Dungeon (4/15)              Sewer (visited)
 Temple: D:4-7

Altars:
Kikubaaqudgha
Makhleb
Nemelex Xobeh
Qazlal

Annotations:
D:4 Pikel


Innate Abilities, Weirdness & Mutations

You cannot wear most types of armour.
You are amphibious.
You can wear up to eight rings at the same time.
Your skin changes colour to match your surroundings (Stealth+).
Your rubbery body absorbs attacks. (AC +1, EV +1)
((You are camouflaged when in or above water. (Stealth+)))
You have tentacles for arms and can constrict up to eight enemies at once.


Message History

You block the lemure's attack. Pikel waves his whip at you.
You slash the lemure!
You kill the lemure!
That felt strangely unrewarding.
A lemure comes into view.
The lemure hits you!
You closely miss the lemure. You grab the lemure.
You constrict the lemure, but do no damage.
A lemure comes into view.
The lemure hits you.
You barely miss the lemure.
You squeeze the lemure, but do no damage.
You constrict the lemure, but do no damage.
The lemure misses you. The lemure barely misses you.
Unknown command.
You slash the lemure!
The lemure is moderately wounded.
You constrict the lemure. The lemure closely misses you.
Pikel says, "I just want to get paid!"
You hit the lemure.
The lemure is heavily wounded.
You constrict the lemure. The lemure hits you! The lemure hits you.
You slash the lemure!
You kill the lemure!
That felt strangely unrewarding.
You slash Pikel! You grab Pikel. You squeeze Pikel, but do no damage.
Pikel is moderately wounded.
You constrict Pikel, but do no damage.
Pikel zaps a wand.
The puff of flame hits you!
* * * LOW HITPOINT WARNING * * *
Pikel misses you.
Unknown command.
You hit Pikel. You squeeze Pikel, but do no damage.
Pikel is moderately wounded.
You constrict Pikel, but do no damage.
Pikel hits you with a +1 whip of freezing.
* * * LOW HITPOINT WARNING * * *
Pikel freezes you.
You die...

*** ***** *,* ### ,,,,* *,*
#.# ***,* *,* #.# ***,****
*,* #######.# ,,,,,,,* *,*
#.......# ***,**,*
#.###.#####.### * *,**,*
#55K@.........# * *,**,*
#.###.#####.### * *,**,* *,*
#.# #.# ***,**,* *,* #.# #)#
+,>,**,******,**#.#####.####
**,,,,,,,,,,,,,,...........#
**,,**,*,#,**,**#.#####.####
**,,**,*,#.**^###.#####.#####
**,,**,,....................#


You could see Pikel and 2 lemures.

Vanquished Creatures
  Pargi (Sewer)
  2 lemures (D:4)
  Jessica (D:3)
  Robin (D:2)
  5 adders
  A worm (D:3)
  An adder skeleton (D:4)
  A dart slug (D:1)
  2 orcs (D:3)
  7 endoplasms
  A giant cockroach (D:1)
  18 goblins
  5 hobgoblins
  3 jackals (D:1)
  4 quokkas
  7 ball pythons
  7 bats
  6 frilled lizards
  6 kobolds
  8 rats
87 creatures vanquished.

Vanquished Creatures (others)
  A human (D:3)
1 creature vanquished.

Grand Total: 88 creatures vanquished

Notes
Turn   | Place    | Note
-------+----------+-------------------------------------------
     0 | D:1      | Descartes the Octopode Wanderer began the quest for the
                  | Orb.
     0 | D:1      | Descartes set off with the following items: a +0 war axe, a
                  | +0 spear, a +0 hat
     0 | D:1      | Reached XP level 1. HP: 11/11 MP: 1/1
    51 | D:1      | Reached skill level 1 in Dodging
    79 | D:1      | Found a faded altar of an unknown god.
    87 | D:1      | Prayed at the altar of an unknown god.
    87 | D:1      | Became a worshipper of Qazlal Stormbringer
    87 | D:1      | Reached * piety under Qazlal
   126 | D:1      | Reached XP level 2. HP: 16/17 MP: 2/2
   518 | D:1      | Reached XP level 3. HP: 21/21 MP: 3/3
   928 | D:1      | Reached ** piety under Qazlal
  1054 | D:2      | Noticed Robin
  1066 | D:2      | Killed Robin
  1077 | D:2      | Reached XP level 4. HP: 12/27 MP: 4/4
  2203 | D:2      | Identified the +5 plate armour of Jigsaw {rPois}
  2641 | D:3      | Found a burning altar of Makhleb.
  2901 | D:3      | Noticed Jessica
  2911 | D:3      | Killed Jessica
  2912 | D:3      | Reached skill level 1 in Invocations
  2912 | D:3      | Reached XP level 5. HP: 13/31 MP: 5/5
  3384 | D:3      | Found an ancient bone altar of Kikubaaqudgha.
  3386 | D:3      | Noticed a human
  3388 | D:3      | Killed a human
  3526 | D:3      | Found a sparkling altar of Nemelex Xobeh.
  3847 | D:4      | Found a glowing drain.
  3859 | Sewer    | Entered a sewer
  4005 | Sewer    | Noticed Pargi
  4303 | Sewer    | Killed Pargi
  4304 | Sewer    | Reached skill level 5 in Dodging
  4304 | Sewer    | Reached XP level 6. HP: 35/36 MP: 6/8
  4611 | D:4      | Noticed Pikel
  4619 | D:4      | Slain by Pikel

Illustrated notes

Levels and vault maps discovered:
D:1:      mrwooster_arrival_statue_2, layout_loops_ring,
          shapermc_ecumenical_altar_gd
D:2:      layout_basic, minmay_misc_feat_pillars, minmay_tall_x, uniq_robin
D:3:      layout_loops_ring, tgw_kikubaaqudgha, nemelex_dance_club_becter,
          lightli_temple_of_fire, amcnicky_mini_corridor_feature,
          chequers_hall_statues_wall_a, minmay_misc_feat_five, uniq_jessica
D:4:      layout_basic, portal_sewer_entry_d, uniq_pikel, uniq_menkaure,
          uniq_crazy_yiuf_cottage

Skill      XL: |  1  2  3  4  5 |
---------------+----------------+-----
Dodging        | 1 2 3 4 5 |  5.1
Invocations    | 1 2 |  2.8
Axes           | |  5.0
Polearms       | |  1.0
Stealth        | |  5.3

Action                   |  1- 3 |  4- 6 || total
-------------------------+-------+-------++-------
Melee: War axe           |    67 |    43 ||   110
       Constrict         |    20 |    26 ||    46
       Tentacles         |    12 |    26 ||    38
       Battleaxe         |       |    69 ||    69
       Punch             |       |     2 ||     2
  Use: Potion            |       |     2 ||     2
       Scroll            |       |     5 ||     5
 Stab: Sleeping          |     2 |       ||     2
Armor: Skin              |    10 |    10 ||    20
Dodge: Dodged            |    38 |    98 ||   136
Block: Other             |     3 |    15 ||    18
